 Dungeon Crawl Stone Soup version 0.22-a0-430-g6609fc6 (webtiles) character file.

275 KristoblXynda the Slasher (level 6, -2/48 HPs)
             Began as a Draconian Gladiator on May 26, 2018.
             Was an Initiate of Qazlal.
             Blown up by an orc (15 damage)
             ... with a wand of disintegration (5)
             ... on level 3 of the Dungeon.
             The game lasted 00:04:42 (2555 turns).

KristoblXynda the Slasher (Draconian Gladiator)     Turns: 2555, Time: 00:04:42

Health: -2/48      AC: 10    Str: 17    XL:     6   Next: 3%
Magic:  6/6        EV: 14    Int: 10    God:    Qazlal [......]
Gold:   219        SH:  0    Dex: 12    Spells: 5/5 levels left

rFire    + . .     SeeInvis .   a - +0 long sword
rCold    . . .     Gourm    .   (no shield)
rNeg     + . .     Faith    .   (armour unavailable)
rPois    .         Spirit   .   b - +1 hat
rElec    .         Reflect  .   r - +2 cloak {+Inv}
rCorr    .         Harm     .   (no gloves)
MR       .....                  (no boots)
Stlth    +.........             (no amulet)
HPRegen  0.16/turn              o - ring of positive energy
MPRegen  0.10/turn              m - ring of protection from fire

@: no status effects
A: unfitting armour, cold-blooded, AC +6
a: Renounce Religion, Evoke Invisibility


You were on level 3 of the Dungeon.
You worshipped Qazlal.
Qazlal was noncommittal.
You were not hungry.

You visited 1 branch of the dungeon, and saw 3 of its levels.

You collected 219 gold pieces.

Inventory:

Hand Weapons
 a - a +0 long sword (weapon)
Missiles
 c - 3 throwing nets (quivered)
Armour
 b - a +1 hat (worn)
 r - a +2 cloak of invisibility (worn)
Jewellery
 m - a ring of protection from fire (right hand)
 o - a ring of positive energy (left hand)
Wands
 l - a wand of iceblast (14)
Scrolls
 j - a scroll of magic mapping {unknown}
 n - 2 scrolls of fog
 t - a scroll of teleportation {unknown}
Potions
 f - 3 potions of flight
 g - a potion of mutation {unknown}
 i - a potion of lignification {unknown}
 k - a potion of resistance {unknown}
 p - a potion of curing {unknown}
 u - a potion of agility {unknown}
Comestibles
 d - 3 rations
 h - 4 chunks of flesh


   Skills:
 - Level 2.1 Fighting
 * Level 5.7 Long Blades
 - Level 2.0 Throwing
 + Level 4.1 Dodging


You had 5 spell levels left.
You didn't know any spells.
Your spell library was empty.

Dungeon Overview and Level Annotations

Branches:
Dungeon (3/15)

Altars:
Makhleb
Qazlal
Ru

Annotations:
D:3 Grinder


Innate Abilities, Weirdness & Mutations

Your plain brown scales are hard. (AC +6)
You cannot fit into any form of body armour.
You are cold-blooded and may be slowed by cold attacks.


Message History

Eating one of 5 chunks of flesh.
You eat one of the 5 chunks of flesh.
This raw flesh tastes terrible.
A rat comes into view.
A rat is nearby!
A rat is nearby!
A rat is nearby!
A rat is nearby!
A worm comes into view.
The worm moves out of view.
An orc, an orc priest and Grinder come into view.
Grinder shouts!
The orc priest shouts!
The orc priest mumbles some strange prayers to Beogh against you.
Beogh smites you!
The orc moves out of view.
A worm comes into view.
Grinder says, "There's only one good use for a tongue: cutting it out."
The orc zaps a wand.
You are blasted!
* * * LOW HITPOINT WARNING * * *
It is a wand of disintegration (5).
The orc zaps a wand.
You are blasted!
You die...

..##..#.. #..........#
..##..'### #+..........#
..##.).).# ............#
..'..###.## .....w.......#
..#### #..# ...#....r....#
..#######'###'# ........##
..##.....)..#.# #.......#
..##........#.#####o5.....#
####........#...@.........#
#........#.............#
#######..#.......#######
##.#.####### #)#.# #)#.#
#=#.# #.#.# #...#


You could see Grinder and an orc.

Vanquished Creatures
  A bullfrog (D:3)
  An orc priest (D:3)
  Crazy Yiuf (D:2)
  2 orc wizards (D:3)
  Terence (D:2)
  Robin (D:2)
  An adder (D:2)
  2 dart slugs (D:1)
  2 leopard geckos
  3 orcs (D:3)
  3 giant cockroaches
  17 goblins
  5 hobgoblins
  A quokka (D:3)
  9 bats
  3 frilled lizards
  A kobold (D:1)
  2 rats
  2 fungi (D:1)
58 creatures vanquished.

Notes
Turn   | Place    | Note
-------+----------+-------------------------------------------
     0 | D:1      | KristoblXynda the Draconian Gladiator began the quest for the Orb.
     0 | D:1      | Reached XP level 1. HP: 17/17 MP: 1/1
   327 | D:1      | Reached XP level 2. HP: 16/24 MP: 2/2
   869 | D:2      | Reached XP level 3. HP: 29/29 MP: 3/3
   901 | D:2      | Noticed Terence
   932 | D:2      | Killed Terence
   932 | D:2      | Reached skill level 4 in Long Blades
  1288 | D:2      | Noticed Robin
  1289 | D:2      | Reached XP level 4. HP: 36/36 MP: 4/4
  1406 | D:2      | Killed Robin
  1445 | D:2      | Found a burning altar of Makhleb.
  1507 | D:2      | Found a runed door.
  1909 | D:2      | Noticed Crazy Yiuf
  1916 | D:2      | Killed Crazy Yiuf
  2165 | D:3      | Found a stormy altar of Qazlal.
  2168 | D:3      | Noticed a bullfrog
  2172 | D:3      | Killed a bullfrog
  2172 | D:3      | Reached skill level 5 in Long Blades
  2172 | D:3      | Reached XP level 5. HP: 21/41 MP: 5/5
  2180 | D:3      | Became a worshipper of Qazlal Stormbringer
  2322 | D:3      | Found a sacrificial altar of Ru.
  2390 | D:3      | Reached XP level 6. HP: 24/48 MP: 6/6
  2550 | D:3      | Noticed Grinder
  2555 | D:3      | Blown up by an orc

Vault maps used:
D:1:      dpeg_arrival_circle_labyrinth_c, minivault_14,
          minmay_gold_behind_fungi
D:2:      bloody_makhleb, uniq_crazy_yiuf_cottage, uniq_terence, uniq_robin
D:3:      nicolae_ru_great_annihilating_truth, nicolae_overflow_crystal_walls,
          uniq_grinder

Skill      XL: |  1  2  3  4  5 |
---------------+----------------+-----
Throwing       | 2 |  2.0
Dodging        | 3 4 |  4.1
Long Blades    | 4 5 |  5.7
Fighting       | |  2.1

Action                   |  1- 3 |  4- 6 || total
-------------------------+-------+-------++-------
Melee: Long sword        |    86 |    98 ||   184
       Tailslap          |    16 |    18 ||    34
Throw: Throwing net      |     1 |     1 ||     2
  Use: Scroll            |     3 |     5 ||     8
       Potion            |       |     1 ||     1
  Eat: Chunk             |     1 |     5 ||     6
Armor: Skin              |    22 |    33 ||    55
Dodge: Dodged            |    51 |    66 ||   117
       Rpst.: Long sword |    15 |    22 ||    37

Table legend:
 A = Spawn XP
 B = Non-spawn XP
 C = Spawn XP percentage of total XP
 D = Spawn monster count
 E = Non-spawn monster count
 F = Spawn count percentage of total count
 G = Total turns spent on level
                    A         B        C        D         E        F      G
               +---------+---------+-------+---------+---------+-------+---------
         Total |       0 |     393 |   0.0 |       0 |      56 |   0.0 |  2555
               +---------+---------+-------+---------+---------+-------+---------
           D:1 |       0 |      36 |   0.0 |       0 |      18 |   0.0 |   824
           D:2 |       0 |     143 |   0.0 |       0 |      24 |   0.0 |  1339
           D:3 |       0 |     214 |   0.0 |       0 |      14 |   0.0 |   392
               +---------+---------+-------+---------+---------+-------+---------
